 Dungeon Crawl Stone Soup version 0.28.0-45-g0d030f2227 (webtiles) character file.

Game seed: 17564611966050505667

35 101zpm the Vexing (level 3, 0/20 HPs)
             Began as a Deep Elf Arcane Marksman on Apr 20, 2022.
             Slain by Grinder (8 damage)
             ... on level 3 of the Dungeon.
             The game lasted 00:07:12 (1720 turns).

101zpm the Vexing (Deep Elf Arcane Marksman)        Turns: 1720, Time: 00:07:13

Health: 0/20       AC:  2    Str:  7    XL:     3   Next: 16%
Magic:  2/7        EV: 13    Int: 17    God:
Gold:   22         SH:  0    Dex: 17    Spells: 3/5 levels left

rFire   . . .      SeeInvis .   a - +0 shortbow
rCold   . . .      Faith    .   (shield currently unavailable)
rNeg    . . .      Spirit   .   d - +0 robe
rPois   .          Reflect  .   (no helmet)
rElec   .          Harm     .   (no cloak)
rCorr   .          Rampage  .   (no gloves)
Will    .....                   (no boots)
Stlth   ++........              (no amulet)
HPRegen 0.06/turn               (no ring)
MPRegen 0.10/turn               (no ring)

@: very slightly contaminated
A: no striking features
a: no special abilities


You were on level 3 of the Dungeon.
You visited 1 branch of the dungeon, and saw 3 of its levels.

You collected 22 gold pieces.

Inventory:

Hand Weapons
 a - a +0 shortbow (weapon)
Missiles
 b - 15 sling bullets
 c - 10 arrows (quivered ammo)
 i - 25 bolts
 j - 7 stones
Armour
 d - a +0 robe (worn)
Magical Staves
 e - a staff of poison
Jewellery
 g - a ring of willpower
Scrolls
 h - a scroll of enchant armour {unknown}
Potions
 f - a potion of lignification {unknown}


   Skills:
 + Level 0.9 Fighting
 + Level 4.1 Bows
 + Level 2.6 Dodging
 + Level 0.2 Stealth
 + Level 1.5 Spellcasting
 + Level 4.5 Hexes


You had 3 spell levels left.
You knew the following spells:

 Your Spells              Type           Power      Damage    Failure   Level
a - Slow                  Hex            64%        N/A       3%          1
b - Freeze                Ice            4%         1d3       21%         1

Your spell library contained the following spells:

 Spells                   Type           Power      Damage    Failure   Level
 Inner Flame              Hex/Fire       8%         N/A       24%         3
 Portal Projectile        Hex/Tloc       16%        N/A       24%         3
 Frozen Ramparts          Ice            2%         1d2       52%         3
 Cause Fear               Hex            8%         N/A       32%         4
 Hailstorm                Conj/Ice       1%         3d3       90%         4


Dungeon Overview and Level Annotations

Branches:
Dungeon (3/15)

Altars:

Annotations:
D:3 Grinder


Message History

You hear the sound of rushing water.
There is an entrance to a sewer on this level.
Hurry and find it before the portal rusts away!
There is a stone staircase leading up here.
Casting: Slow (safe; 3% risk of failure)
Confirm with . or Enter, or press ? or * to list all spells.
Aiming: Freeze (safe; 21% risk of failure)
Press: ? - help, Shift-Dir - straight line, f - Grinder
Aim: Grinder (heavily wounded)
You freeze Grinder but do no damage.
Grinder completely resists.
Grinder barely misses you.
Casting: Freeze (safe; 21% risk of failure)
Confirm with . or Enter, or press ? or * to list all spells.
Aiming: Freeze (safe; 21% risk of failure)
Press: ? - help, Shift-Dir - straight line, f/p - Grinder
Aim: Grinder (heavily wounded)
You miscast Freeze.
You are very lightly contaminated with residual magic.
Nothing appears to happen.
Grinder hits you.
You writhe in agony.
Casting: Freeze (safe; 21% risk of failure)
Confirm with . or Enter, or press ? or * to list all spells.
Aiming: Freeze (safe; 21% risk of failure)
Press: ? - help, Shift-Dir - straight line, f/p - Grinder
Aim: Grinder (heavily wounded)
You freeze Grinder but do no damage.
Grinder completely resists.
Grinder hits you!
Casting: Freeze (safe; 21% risk of failure)
Confirm with . or Enter, or press ? or * to list all spells.
Aiming: Freeze (safe; 21% risk of failure)
Press: ? - help, Shift-Dir - straight line, f/p - Grinder
Aim: Grinder (heavily wounded)
You freeze Grinder but do no damage.
Grinder completely resists.
Grinder closely misses you.
Casting: Freeze (safe; 21% risk of failure)
Confirm with . or Enter, or press ? or * to list all spells.
Aiming: Freeze (safe; 21% risk of failure)
Press: ? - help, Shift-Dir - straight line, f/p - Grinder
Aim: Grinder (heavily wounded)
You freeze Grinder but do no damage.
Grinder completely resists.
Grinder hits you!
You die...

......#..#
....#....#
...###...#
....#....#
......#†.##
......#...+
###...#.###
#..#...#.#
...###.b5@#
.#..#.(####
.....((
§......
......(
...(...
..((#+#
.(..


You could see Grinder and a bat.

Vanquished Creatures
  An adder (D:3)
  A dart slug (D:1)
  3 bats
  2 endoplasms (D:1)
  2 giant cockroaches (D:1)
  2 goblins
  3 hobgoblins (D:1)
  4 kobolds (D:1)
  A quokka (D:1)
  3 ball pythons (D:1)
22 creatures vanquished.

Notes
Turn   | Place    | Note
-------+----------+-------------------------------------------
     0 | D:1      | 101zpm the Deep Elf Arcane Marksman began the quest for the
                  | Orb.
     0 | D:1      | Reached XP level 1. HP: 11/11 MP: 5/5
     6 | D:1      | Noticed a black mamba
     6 | D:1      | Noticed a scorpion
   244 | D:1      | Reached XP level 2. HP: 16/16 MP: 6/6
  1584 | D:3      | Learned a level 1 spell: Freeze
  1603 | D:3      | Reached XP level 3. HP: 14/20 MP: 1/7
  1694 | D:3      | Noticed Grinder
  1720 | D:3      | Slain by Grinder

Illustrated notes

Levels and vault maps discovered:
D:1:      onia_arrival_zoo_common, layout_basic
D:2:      layout_rooms, hellmonk_ecumenical_altar_zigzags, patterned_corridor
D:3:      layout_basic, serial_shops, shop, gup_sewer_entry_bowl,
          minmay_strange_pillars, uniq_grinder, uniq_jessica, uniq_terence

Skill      XL: |  1  2 |
---------------+-------+-----
Bows           | 3 4 |  4.1
Fighting       | |  0.9
Dodging        | |  2.6
Stealth        | |  0.2
Spellcasting   | |  1.5
Hexes          | |  4.5

Action                   || total
-------------------------++-------
Melee: Staff             ||     3
       Punch             ||     1
 Fire: Shortbow          ||    91
 Cast: Slow              ||    11
       Freeze            ||     4
Armor: Robe              ||     9
Dodge: Dodged            ||    45
